 Dungeon Crawl Stone Soup version 0.16.1 (webtiles) character file.

50 ketsa the Chopper (level 3, -5/31 HPs)
             Began as a Hill Orc Abyssal Knight on Mar 23, 2015.
             Was a Believer of Lugonu.
             Killed by nerve-wracking pain
             ... invoked by a shadow imp
             ... summoned by Natasha
              (8 damage)
             ... on level 3 of the Dungeon.
             The game lasted 00:03:55 (1539 turns).

ketsa the Chopper (Hill Orc Abyssal Knight)         Turns: 1539, Time: 00:03:55

Health: -5/31      AC:  5    Str: 15    XL:     3   Next: 79%
Magic:  4/4        EV: 10    Int: 12    God:    Lugonu [**....]
Gold:   96         SH:  0    Dex: 10    Spells: 0 memorised, 2 levels left

rFire  . . .     SeeInvis .     a - +1 hand axe
rCold  . . .     Clarity  .     l - +0 ring mail (curse)
rNeg   . . .     SustAb   .     (no shield)
rPois  .         Gourm    .     (no helmet)
rElec  .         Spirit   .     (no cloak)
rCorr  .         Warding  .     (no gloves)
rMut   .         Stasis   .     (no boots)
MR     .....                    (no amulet)
Stlth  ..........               (no ring)
                                (no ring)

@: slowed, very slow, not resistant to hostile enchantments, extremely
unstealthy
A: no striking features
a: Depart the Abyss, Bend Space, Renounce Religion


You were on level 3 of the Dungeon.
You worshipped Lugonu.
Lugonu was pleased with you.
You were not hungry.

You visited 1 branch of the dungeon, and saw 3 of its levels.
You visited the Abyss 1 time.

You collected 96 gold pieces.

Inventory:

Hand weapons
 a - a +1 hand axe (weapon)
Armour
 b - a +0 leather armour
 l - a cursed +0 ring mail (worn)
Jewellery
 k - an uncursed amulet of rage {unknown}
 n - an uncursed ring of ice {unknown}
Scrolls
 d - 2 scrolls of remove curse {unknown}
 e - 2 scrolls of magic mapping {unknown}
 f - a scroll of blinking {unknown}
 i - a scroll of noise {unknown}
 o - 3 scrolls of identify {unknown}
 r - a scroll of teleportation {unknown}
Potions
 h - 3 potions of brilliance {unknown}
 j - a potion of curing {unknown}
 q - a potion of heal wounds {unknown}
 s - a potion of invisibility {unknown}
 t - a potion of lignification {unknown}
Comestibles
 c - 3 meat rations
 g - 2 bread rations
 m - a royal jelly
 p - a chunk of flesh


   Skills:
 - Level 3.6 Fighting
 * Level 5.3 Axes
 - Level 2.1 Armour
 - Level 0.7 Dodging
 - Level 2.4 Invocations


You had 2 spell levels left.
You didn't know any spells.

Dungeon Overview and Level Annotations

Branches:
Dungeon (3/15)

Altars:
Fedhas
Sif Muna

Annotations:
D:3 Natasha


Message History

Natasha is severely wounded.
You closely miss the shadow imp. You hit the crimson imp.
The crimson imp is lightly wounded.
You closely miss the crimson imp. Natasha claws you.
The crimson imp hits you but does no damage.
The crimson imp hits you. The shadow imp hits you.
* * * LOW HITPOINT WARNING * * *
Natasha closely misses you. The crimson imp closely misses you.
The crimson imp barely misses you.
You hit Natasha.
Natasha is severely wounded.
You closely miss the crimson imp. You hit the crimson imp.
The crimson imp is lightly wounded.
You closely miss the shadow imp. The shadow imp barely misses you.
Natasha barely misses you. The crimson imp hits you.
* * * LOW HITPOINT WARNING * * *
The crimson imp closely misses you. The shadow imp gestures at you.
Pain shoots through your body!
You die...

#####......## ##.
.. #.# #.....##
#.### ... ..#
#......###.# ##..
###
##......#.######
#..
##.####.......#
#..
...##.......?.## .
#...##.#..##.....
#...##.#..5.......
#..###)..@h.......
#.. #..55.....##.
### #.#.#####.#
#.#.. # #.### #


You could see Natasha, 2 crimson imps and a shadow imp.

Vanquished Creatures
  An adder (D:2)
  A giant mite (D:2)
  A worm (D:3)
  An ooze (D:2)
  2 giant cockroaches (D:1)
  5 hobgoblins
  4 jackals (D:2)
  2 kobolds
  A ball python (D:2)
  3 bats (D:2)
  A giant gecko (D:2)
  2 giant newts
  2 goblins
  A quokka (D:2)
  4 rats
31 creatures vanquished.

Notes
Turn   | Place    | Note
--------------------------------------------------------------
     0 | Abyss:1  | ketsa, the Hill Orc Abyssal Knight, began the quest for the Orb.
     0 | Abyss:1  | Reached XP level 1. HP: 19/19 MP: 1/1
    10 | D:1      | Escaped the Abyss
   366 | D:1      | Reached XP level 2. HP: 20/26 MP: 2/2
   638 | D:2      | Reached skill level 4 in Axes
   780 | D:2      | Found a deep blue altar of Sif Muna.
   834 | D:2      | Reached XP level 3. HP: 25/31 MP: 4/4
  1004 | D:2      | Acquired Lugonu's second power
  1021 | D:2      | Reached skill level 5 in Axes
  1487 | D:3      | Found a blossoming altar of Fedhas.
  1530 | D:3      | Noticed Natasha
  1539 | D:3      | Killed from afar by a shadow imp

Action                   || total
-------------------------++-------
Melee: Hand axe          ||   118
  Eat: Chunk             ||     2
